Workbook

Sheet Самолетики задача
A1: Журная финансово-хозяйственных операций | AE1: Оборотно-сальдовая ведомость
J2: Счет 51 | O2: Счет 19.04 | T2: Счет 19.05 | Y2: Счет 44.01 | AE2: за __________________ 201____ г
A3: № п/п | B3: Наименование операции | E3: Сумма | F3: Дт | G3: Кт | J3: Дт | L3: Кт | O3: Дт | Q3: Кт | T3: Дт | V3: Кт | Y3: Дт | AA3: Кт
A4: 1 | B4: ='Расчет задача'!A10 -> 1.10.06/60.21-поступление каталогов 100шт.*200 руб- 20 000 руб | E4: ='Расчет задача'!L10 -> 20000 | F4: 10.06 | G4: 60.21 | J4: С-до | K4: 3300 | Q4: С-до | T4: С-до | Z4: 0 | AA4: С-до
A5: 2 | B5: ='Расчет задача'!A11 -> 2.10.06/60.21-поступление ручек 200 шт.*5,00- 1000 руб. | E5: ='Расчет задача'!L11 -> 1000 | F5: 10.06 | G5: 60.21 | L5: =E13 -> 1800 | O5: =E11 -> 274.57627 | Q5: =E12 -> 274.58 | T5: =E6 -> 3600 | V5: =E9 -> 3600 | Y5: =E14 -> 12605.085 | AA5: =E21 -> 12605.085 | AE5: Счет № | AF5: Наименование | AG5: С-до на нач. | AI5: Обороты за период | AK5: С-до на конец
A6: 3 | B6: ='Расчет задача'!A12 -> 3.19.05/76.09-таможня НДС 3600 руб | E6: ='Расчет задача'!L12 -> 3600 | F6: 19.05 | G6: 76.09 | L6: =E15 -> 1500 | O6: =E18 -> 183.05085 | Q6: =E20 -> 183.05085 | T6: =E17 -> 2400 | V6: =E19 -> 2400 | AG6: Дт | AH6: Кт | AI6: Дт | AJ6: Кт | AK6: Дт | AL6: Кт
A7: 4 | B7: ='Расчет задача'!A13 -> 4.10.06/76.09-пошлина 1000 руб | E7: ='Расчет задача'!L13 -> 1000 | F7: 10.06 | G7: 76.09 | AE7: Сч 01 | AF7: Основные средства
A8: 5 | B8: ='Расчет задача'!A14 -> 5.10.06/76.09-сбор 500 руб | E8: ='Расчет задача'!L14 -> 500 | F8: 10.06 | G8: 76.09 | AE8: Сч 02 | AF8: Амортизация ОС
A9: 6 | B9: ='Расчет задача'!A15 -> 6.68.02/19.05-принят к вычету НДС,уплаченный на таможне 3600 руб | E9: ='Расчет задача'!L15 -> 3600 | F9: 68.02 | G9: 19.05 | J9: Оборот | K9: =SUM(K5:K8) -> 0 | L9: Оборот | M9: =SUM(L5:L8) -> 3300 | O9: Оборот | P9: =SUM(O5:O8) -> 457.62712 | Q9: Оборот | R9: =SUM(Q5:Q8) -> 457.63085 | T9: Оборот | U9: =SUM(T5:T8) -> 6000 | V9: Оборот | W9: =SUM(V5:V8) -> 6000 | Y9: Оборот | Z9: =SUM(Y5:Y8) -> 12605.085 | AA9: Оборот | AB9: =SUM(AA5:AA8) -> 12605.085 | AE9: Сч 04 | AF9: Нематериальные активы
A10: 7 | B10: ='Расчет задача'!A16 -> 7.10.06/60.01-транспортные расходы 1476,00 (или 44.01 и остаток в НЗП) | E10: ='Расчет задача'!L16 -> 1525.4237 | F10: 10.06 | G10: 60.01 | J10: С-до | K10: =K4-M9 -> 0 | L10: С-до | O10: С-до | P10: =P9-R9 -> -0.0037288136 | Q10: С-до | T10: С-до | U10: =U9-W9 -> 0 | V10: С-до | Y10: С-до | Z10: =Z9-AB9 -> 0 | AA10: С-до | AE10: Сч 05 | AF10: Амортизация НМА
A11: 8 | B11: ='Расчет задача'!A17 -> 8.19.04/60.01-НДС 324,00 | E11: ='Расчет задача'!L17 -> 274.57627 | F11: 19.04 | G11: 60.01 | AE11: Сч 08 | AF11: Вложения во внеоб.акт
A12: 9 | B12: ='Расчет задача'!A18 -> 9.68.02/19.04-принят к вычету НДС 324,00 | E12: ='Расчет задача'!L18 -> 274.58 | F12: 68.02 | G12: 19.04 | AE12: Сч 10 | AF12: Материалы
A13: 10 | B13: ='Расчет задача'!A19 -> 10.60.01/51-оплата т/к 1800,в т.ч НДС 324,00 | E13: ='Расчет задача'!L19 -> 1800 | F13: 60.01 | G13: 51 | J13: Счет 10.06 | O13: Счет 60.01 | T13: Счет 60.21 | Y13: Счет 76.09 | AE13: Сч 19 | AF13: НДС по приобретенным МПЗ
A14: 11 | B14: ='Расчет задача'!A20 -> 11.44.01/10.06- отражена передача буклетов 60 шт. на сумму 12605,08 руб (требование-накладная) | E14: ='Расчет задача'!L20 -> 12605.085 | F14: 44.01 | G14: 10.06 | J14: Дт | L14: Кт | O14: Дт | Q14: Кт | T14: Дт | V14: Кт | Y14: Дт | AA14: Кт | AE14: Сч 20 | AF14: Основное производство
A15: 12 | B15: ='Расчет задача'!A21 -> 12.76.09-51 - оплата Таможня пошлины/сборы 1500руб | E15: ='Расчет задача'!L21 -> 1500 | F15: 76.09 | G15: 51 | J15: С-до | L15: С-до | O15: С-до | Q15: С-до | T15: С-до | V15: С-до | Y15: С-до | AA15: С-до | AE15: Сч 23 | AF15: Вспомогательное производство
A16: 13 | B16: ='Расчет задача'!A22 -> 13.91.02-68.02 - НДС с безвозмездной передачи материалов ст-ю >100р за ед | E16: ='Расчет задача'!L22 -> 2268.9153 | F16: 91.02 | G16: 68.02 | J16: =E4 -> 20000 | L16: =E14 -> 12605.085 | O16: =E13 -> 1800 | Q16: =E10 -> 1525.4237 | V16: =E4 -> 20000 | Y16: =E15 -> 1500 | AA16: =E6 -> 3600 | AE16: Сч 25 | AF16: Общепроизводственные расходы
A17: 14 | B17: ='Расчет задача'!A23 -> 14.19.04-68.02 - НДС восстановлен по безвозмедно переданным материалам <100р за ед, таможня | E17: ='Расчет задача'!L23 -> 2400 | F17: 19.05 | G17: 68.02 | J17: =E5 -> 1000 | Q17: =E12 -> 274.58 | V17: =E5 -> 1000 | AA17: =E7 -> 1000 | AE17: Сч 26 | AF17: Общехозяйственные расходы
A18: 15 | B18: ='Расчет задача'!A24 -> 15.19.05-68.02 - НДС восстановлен по безвозмедно переданным материалам <100р за ед, тр усл | E18: ='Расчет задача'!L24 -> 183.05085 | F18: 19.04 | G18: 68.02 | J18: =E7 -> 1000 | AA18: =E8 -> 500 | AE18: Сч 41 | AF18: Товары на складах
A19: 16 | B19: ='Расчет задача'!A25 -> 16.10.06-19.05 - НДС восстановленный включент в ст-ть материалов <100р за ед, таможня | E19: ='Расчет задача'!L25 -> 2400 | F19: 10.06 | G19: 19.05 | J19: =E8 -> 500 | AE19: Сч 43 | AF19: Готовая продукция
A20: 17 | B20: ='Расчет задача'!A26 -> 17.10.06-19.04 - НДС восстановленный включент в ст-ть материалов <100р за ед, тр усл | E20: ='Расчет задача'!L26 -> 183.05085 | F20: 10.06 | G20: 19.04 | J20: =E10 -> 1525.4237 | AE20: Сч 50 | AF20: Касс
A21: 18 | B21: ='Расчет задача'!A27 -> 18.90.02-44.01 - списана стоимость каталогов | E21: ='Расчет задача'!L27 -> 12605.085 | F21: 90.02 | G21: 44.01 | J21: =E19 -> 2400 | AE21: Сч 51 | AF21: Расчетный счет
J22: =E20 -> 183.05085 | AE22: Сч 58 | AF22: Финансовые вложения
AE23: Сч 60 | AF23: Расчеты с поставщиками и подрядчиками
AE24: Сч 62 | AF24: Расчеты с покупателями и заказчиками
AE25: Сч 66 | AF25: Расчеты по кредитам и займам
AE26: Сч 68 | AF26: Расчеты по налогам и сборам
J27: Оборот | K27: =SUM(J16:J26) -> 26608.475 | L27: Оборот | M27: =SUM(L16:L26) -> 12605.085 | O27: Оборот | P27: =SUM(O16:O26) -> 1800 | Q27: Оборот | R27: =SUM(Q16:Q26) -> 1800.0037 | T27: Оборот | U27: =SUM(T16:T26) -> 0 | V27: Оборот | W27: =SUM(V16:V26) -> 21000 | Y27: Оборот | Z27: =SUM(Y16:Y26) -> 1500 | AA27: Оборот | AB27: =SUM(AA16:AA26) -> 5100 | AE27: Сч 69 | AF27: Расчеты по социальному страхованию
J28: С-до | K28: =K27-M27 -> 14003.39 | L28: С-до | O28: С-до | Q28: С-до | R28: =R27-P27 -> 0.0037288136 | T28: С-до | V28: С-до | W28: =W27-U27 -> 21000 | Y28: С-до | AA28: С-до | AB28: =AB27-Z27 -> 3600 | AE28: Сч 70 | AF28: Расчеты с персоналом по оплате труда
AE29: Сч 71 | AF29: Расчеты с подотчетными лицами
AE30: Сч 73 | AF30: Расчеты с персоналом по прочим опер
J31: Счет 90.02 | O31: Счет 91.02 | T31: Счет 68.02 | Y31: Счет | AE31: Сч 75 | AF31: Расчеты с учредителями
J32: Дт | L32: Кт | O32: Дт | Q32: Кт | T32: Дт | V32: Кт | Y32: Дт | AA32: Кт | AE32: Сч 76 | AF32: Расчеты с разными дебиторами и кредит.
J33: С-до | L33: С-до | O33: С-до | Q33: С-до | T33: С-до | V33: С-до | Y33: С-до | AA33: С-до | AE33: Сч 80 | AF33: Уставной капитал
J34: =E21 -> 12605.085 | O34: =E16 -> 2268.9153 | T34: =E12 -> 274.58 | V34: =E16 -> 2268.9153 | AE34: Сч 82 | AF34: Резервный капитал
T35: =E9 -> 3600 | V35: =E17 -> 2400 | AE35: Сч 83 | AF35: Добавочный капитал
V36: =E18 -> 183.05085 | AE36: сч 84 | AF36: Нераспределенная прибыль (убыток)
AE37: Сч 86 | AF37: Целевое финансирование
AE38: Сч 90 | AF38: Продажи
AE39: Сч 96 | AF39: Резервы предстоящих расходов
AE40: Сч 97 | AF40: Расходы будующих периодов
AE41: Сч 98 | AF41: Доходы будущих периодов
AE42: Сч 99 | AF42: Прибыли и убытки (финансовый результ)
AF44: Итого | AG44: =SUM(AG7:AG43) -> 0 | AH44: =SUM(AH7:AH43) -> 0 | AI44: =SUM(AI7:AI43) -> 0 | AJ44: =SUM(AJ7:AJ43) -> 0 | AK44: =SUM(AK7:AK43) -> 0 | AL44: =SUM(AL7:AL43) -> 0
J45: Оборот | K45: =SUM(J34:J44) -> 12605.085 | L45: Оборот | M45: =SUM(M34:M44) -> 0 | O45: Оборот | P45: =SUM(O34:O44) -> 2268.9153 | Q45: Оборот | R45: =SUM(R34:R44) -> 0 | T45: Оборот | U45: =SUM(T34:T44) -> 3874.58 | V45: Оборот | W45: =SUM(V34:V44) -> 4851.9661 | Y45: Оборот | Z45: =SUM(Z34:Z44) -> 0 | AA45: Оборот | AB45: =SUM(AB34:AB44) -> 0
J46: С-до | L46: С-до | O46: С-до | Q46: С-до | T46: С-до | V46: С-до | W46: =W45-U45 -> 977.3861 | Y46: С-до | AA46: С-до
J49: Счет | O49: Счет | T49: Счет | Y49: Счет
J50: Дт | L50: Кт | O50: Дт | Q50: Кт | T50: Дт | V50: Кт | Y50: Дт | AA50: Кт
J51: С-до | L51: С-до | O51: С-до | Q51: С-до | T51: С-до | V51: С-до | Y51: С-до | AA51: С-до
J68: Оборот | K68: =SUM(K52:K67) -> 0 | L68: Оборот | M68: =SUM(M52:M67) -> 0 | O68: Оборот | P68: =SUM(P52:P67) -> 0 | Q68: Оборот | R68: =SUM(R52:R67) -> 0 | T68: Оборот | U68: =SUM(U52:U67) -> 0 | V68: Оборот | W68: =SUM(W52:W67) -> 0 | Y68: Оборот | Z68: =SUM(Z52:Z67) -> 0 | AA68: Оборот | AB68: =SUM(AB52:AB67) -> 0
J69: С-до | L69: С-до | O69: С-до | Q69: С-до | T69: С-до | V69: С-до | Y69: С-до | AA69: С-до
J72: Счет | O72: Счет | T72: Счет | Y72: Счет
J73: Дт | L73: Кт | O73: Дт | Q73: Кт | T73: Дт | V73: Кт | Y73: Дт | AA73: Кт
J74: С-до | L74: С-до | O74: С-до | Q74: С-до | T74: С-до | V74: С-до | Y74: С-до
J86: Оборот | K86: =SUM(K75:K85) -> 0 | L86: Оборот | M86: =SUM(M75:M85) -> 0 | O86: Оборот | P86: =SUM(P75:P85) -> 0 | Q86: Оборот | R86: =SUM(R75:R85) -> 0 | T86: Оборот | U86: =SUM(U75:U85) -> 0 | V86: Оборот | W86: =SUM(W75:W85) -> 0 | Y86: Оборот | Z86: =SUM(Z75:Z85) -> 0 | AA86: Оборот | AB86: =SUM(AB75:AB85) -> 0
J87: С-до | L87: С-до | O87: С-до | Q87: С-до | T87: С-до | V87: С-до | Y87: С-до | AA87: С-до
J90: Счет | O90: Счет | T90: Счет | Y90: Счет
J91: Дт | L91: Кт | O91: Дт | Q91: Кт | T91: Дт | V91: Кт | Y91: Дт | AA91: Кт
J92: С-до | L92: С-до | O92: С-до | Q92: С-до | T92: С-до | V92: С-до | Y92: С-до | AA92: С-до
J104: Оборот | K104: =SUM(K93:K103) -> 0 | L104: Оборот | M104: =SUM(M93:M103) -> 0 | O104: Оборот | P104: =SUM(P93:P103) -> 0 | Q104: Оборот | R104: =SUM(R93:R103) -> 0 | T104: Оборот | U104: =SUM(U93:U103) -> 0 | V104: Оборот | W104: =SUM(W93:W103) -> 0 | Y104: Оборот | Z104: =SUM(Z93:Z103) -> 0 | AA104: Оборот | AB104: =SUM(AB93:AB103) -> 0
J105: С-до | L105: С-до | O105: С-до | Q105: С-до | T105: С-до | V105: С-до | Y105: С-до | AA105: С-до
J108: Счет | O108: Счет | T108: Счет | Y108: Счет
J109: Дт | L109: Кт | O109: Дт | Q109: Кт | T109: Дт | V109: Кт | Y109: Дт | AA109: Кт
J110: С-до | L110: С-до | O110: С-до | Q110: С-до | T110: С-до | V110: С-до | Y110: С-до | AA110: С-до
Y116: Оборот | Z116: =SUM(Z111:Z115) -> 0 | AA116: Оборот | AB116: =SUM(AB111:AB115) -> 0
J117: Оборот | K117: =SUM(K111:K116) -> 0 | L117: Оборот | M117: =SUM(M111:M116) -> 0 | O117: Оборот | P117: =SUM(P111:P116) -> 0 | Q117: Оборот | R117: =SUM(R111:R116) -> 0 | T117: Оборот | U117: =SUM(U111:U116) -> 0 | V117: Оборот | W117: =SUM(W111:W116) -> 0 | Y117: С-до | AA117: С-до
J118: С-до | L118: С-до | O118: С-до | Q118: С-до | T118: С-до | V118: С-до
J121: Счет | O121: Счет | T121: Счет | Y121: Счет
J122: Дт | L122: Кт | O122: Дт | Q122: Кт | T122: Дт | V122: Кт | Y122: Дт | AA122: Кт
J123: С-до | L123: С-до | O123: С-до | Q123: С-до | T123: С-до | V123: С-до | Y123: С-до | AA123: С-до
J129: Оборот | K129: =SUM(K124:K128) -> 0 | L129: Оборот | M129: =SUM(M124:M128) -> 0 | O129: Оборот | P129: =SUM(P124:P128) -> 0 | Q129: Оборот | R129: =SUM(R124:R128) -> 0 | T129: Оборот | U129: =SUM(U124:U128) -> 0 | V129: Оборот | W129: =SUM(W124:W128) -> 0 | Y129: Оборот | Z129: =SUM(Z124:Z128) -> 0 | AA129: Оборот | AB129: =SUM(AB124:AB128) -> 0
J130: С-до | L130: С-до | O130: С-до | Q130: С-до | T130: С-до | V130: С-до | Y130: С-до | AA130: С-до
J133: Счет | O133: Счет | T133: Счет | Y133: Счет
J134: Дт | L134: Кт | O134: Дт | Q134: Кт | T134: Дт | V134: Кт | Y134: Дт | AA134: Кт
J135: С-до | L135: С-до | O135: С-до | Q135: С-до | T135: С-до | V135: С-до | Y135: С-до | AA135: С-до
J142: Оборот | K142: =SUM(K136:K141) -> 0 | L142: Оборот | M142: =SUM(M136:M141) -> 0 | O142: Оборот | P142: =SUM(P136:P141) -> 0 | Q142: Оборот | R142: =SUM(R136:R141) -> 0 | T142: Оборот | U142: =SUM(U136:U141) -> 0 | V142: Оборот | W142: =SUM(W136:W141) -> 0 | Y142: Оборот | Z142: =SUM(Z136:Z141) -> 0 | AA142: Оборот | AB142: =SUM(AB136:AB141) -> 0
J143: С-до | L143: С-до | O143: С-до | Q143: С-до | T143: С-до | V143: С-до | Y143: С-до | AA143: С-до
J146: Счет | O146: Счет
J147: Дт | L147: Кт | O147: Дт | Q147: Кт
J148: С-до | L148: С-до | O148: С-до | Q148: С-до
J155: Оборот | K155: =SUM(K149:K154) -> 0 | L155: Оборот | M155: =SUM(M149:M154) -> 0 | O155: Оборот | P155: =SUM(P149:P154) -> 0 | Q155: Оборот | R155: =SUM(R149:R154) -> 0
J156: С-до | L156: С-до | O156: С-до | Q156: С-до

Sheet Расчет задача
A1: Получили от поставщика буклеты в кол-ве 100шт. по 200 руб, ручки в кол-ве 200 шт. по 5,00.
A2: Заплатили за таможню 1500 руб. | H2: НДС Таможня не оплачен?
A3: ГТД НДС -3600 руб
A4: Тамож.пошлина-1000 руб.
A5: Сбор-500 руб.
A6: Транспортные услуги-18000,в т.ч НДС, услуги оплачены. | H6: 1800??? | I6: До границы/после границы деления нет? Как НДС выделен в расчете?
A7: Списали 60 шт.буклетов и раздали.
A9: я сделала такие проводки:
A10: 1.10.06/60.21-поступление каталогов 100шт.*200 руб- 20 000 руб | L10: =100*200 -> 20000 | M10: буклеты
A11: 2.10.06/60.21-поступление ручек 200 шт.*5,00- 1000 руб. | L11: =200*5 -> 1000 | M11: ручки
A12: 3.19.05/76.09-таможня НДС 3600 руб | L12: 3600 | M12: буклеты и ручки
A13: 4.10.06/76.09-пошлина 1000 руб | L13: 1000 | M13: буклеты и ручки
A14: 5.10.06/76.09-сбор 500 руб | L14: 500 | M14: буклеты и ручки
A15: 6.68.02/19.05-принят к вычету НДС,уплаченный на таможне 3600 руб | L15: 3600 | M15: буклеты и ручки
A16: 7.10.06/60.01-транспортные расходы 1476,00 (или 44.01 и остаток в НЗП) | L16: =1800/1.18 -> 1525.4237 | M16: буклеты и ручки | O16: сумма без НДС, как получена?
A17: 8.19.04/60.01-НДС 324,00 | L17: =1800/118*18 -> 274.57627 | M17: буклеты и ручки | O17: сумма НДС, как получена?
A18: 9.68.02/19.04-принят к вычету НДС 324,00 | L18: 274.58 | M18: буклеты и ручки | O18: сумма НДС, как получена?
A19: 10.60.01/51-оплата т/к 1800,в т.ч НДС 324,00 | L19: 1800 | O19: сумма НДС, как получена?
A20: 11.44.01/10.06- отражена передача буклетов 60 шт. на сумму 12605,08 руб (требование-накладная) | L20: =L10/100*60+L13/300*60+L14/300*60+L16/300*60 -> 12605.085
A21: 12.76.09-51 - оплата Таможня пошлины/сборы 1500руб | L21: 1500
A22: 13.91.02-68.02 - НДС с безвозмездной передачи материалов ст-ю >100р за ед | L22: =L20*18/100 -> 2268.9153
A23: 14.19.04-68.02 - НДС восстановлен по безвозмедно переданным материалам <100р за ед, таможня | L23: =L12/300*200 -> 2400
A24: 15.19.05-68.02 - НДС восстановлен по безвозмедно переданным материалам <100р за ед, тр усл | L24: =L17/300*200 -> 183.05085
A25: 16.10.06-19.05 - НДС восстановленный включент в ст-ть материалов <100р за ед, таможня | L25: =L23 -> 2400 | M25: или 44.01 если уже раздали
A26: 17.10.06-19.04 - НДС восстановленный включент в ст-ть материалов <100р за ед, тр усл | L26: =L24 -> 183.05085 | M26: или 44.01 если уже раздали
A27: 18.90.02-44.01 - списана стоимость каталогов | L27: =L20 -> 12605.085
B29: Фин результат не рассчитываю

Sheet Самолетики все
A1: Счет 01 | F1: Счет 02 | K1: Счет 08
A2: Дт | C2: Кт | F2: Дт | H2: Кт | K2: Дт | M2: Кт
A3: С-до | H3: С-до | K3: С-до
A8: Оборот | B8: =SUM(B4:B7) -> 0 | C8: Оборот | D8: =SUM(D4:D7) -> 0 | F8: Оборот | G8: =SUM(G4:G7) -> 0 | H8: Оборот | I8: =SUM(I4:I7) -> 0 | K8: Оборот | L8: =SUM(L4:L7) -> 0 | M8: Оборот | N8: =SUM(N4:N7) -> 0
A9: С-до | C9: С-до | F9: С-до | H9: С-до | K9: С-до | M9: С-до
A12: Счет 10 | F12: Счет 19 | K12: Счет 20
A13: Дт | C13: Кт | F13: Дт | H13: Кт | K13: Дт | M13: Кт
A14: С-до | C14: С-до | F14: С-до | H14: С-до | K14: С-до | M14: С-до
A26: Оборот | B26: =SUM(B15:B25) -> 0 | C26: Оборот | D26: =SUM(D15:D25) -> 0 | F26: Оборот | G26: =SUM(G15:G25) -> 0 | H26: Оборот | I26: =SUM(I15:I25) -> 0 | K26: Оборот | L26: =SUM(L15:L25) -> 0 | M26: Оборот | N26: =SUM(N15:N25) -> 0
A27: С-до | C27: С-до | F27: С-до | H27: С-до | K27: С-до | M27: С-до
A30: Счет 26 | F30: Счет 41 | K30: Счет 43
A31: Дт | C31: Кт | F31: Дт | H31: Кт | K31: Дт | M31: Кт
A32: С-до | C32: С-до | F32: С-до | H32: С-до | K32: С-до | M32: С-до
A44: Оборот | B44: =SUM(B33:B43) -> 0 | C44: Оборот | D44: =SUM(D33:D43) -> 0 | F44: Оборот | G44: =SUM(G33:G43) -> 0 | H44: Оборот | I44: =SUM(I33:I43) -> 0 | K44: Оборот | L44: =SUM(L33:L43) -> 0 | M44: Оборот | N44: =SUM(N33:N43) -> 0
A45: С-до | C45: С-до | F45: С-до | H45: С-до | K45: С-до | M45: С-до
A48: Счет 50 | F48: Счет 51 | K48: Счет 52
A49: Дт | C49: Кт | F49: Дт | H49: Кт | K49: Дт | M49: Кт
A50: С-до | C50: С-до | F50: С-до | H50: С-до | K50: С-до | M50: С-до
A67: Оборот | B67: =SUM(B51:B66) -> 0 | C67: Оборот | D67: =SUM(D51:D66) -> 0 | F67: Оборот | G67: =SUM(G51:G66) -> 0 | H67: Оборот | I67: =SUM(I51:I66) -> 0 | K67: Оборот | L67: =SUM(L51:L66) -> 0 | M67: Оборот | N67: =SUM(N51:N66) -> 0
A68: С-до | C68: С-до | F68: С-до | H68: С-до | K68: С-до | M68: С-до
A71: Счет 62 | F71: Счет 66 | K71: Счет 68.1
A72: Дт | C72: Кт | F72: Дт | H72: Кт | K72: Дт | M72: Кт
A73: С-до | C73: С-до | F73: С-до | H73: С-до | K73: С-до | M73: С-до
A85: Оборот | B85: =SUM(B74:B84) -> 0 | C85: Оборот | D85: =SUM(D74:D84) -> 0 | F85: Оборот | G85: =SUM(G74:G84) -> 0 | H85: Оборот | I85: =SUM(I74:I84) -> 0 | K85: Оборот | L85: =SUM(L74:L84) -> 0 | M85: Оборот | N85: =SUM(N74:N84) -> 0
A86: С-до | C86: С-до | F86: С-до | H86: С-до | K86: С-до | M86: С-до
A89: Счет 69.1 | F89: Счет 69.1.1 | K89: Счет 69.2.2
A90: Дт | C90: Кт | F90: Дт | H90: Кт | K90: Дт | M90: Кт
A91: С-до | C91: С-до | F91: С-до | H91: С-до | K91: С-до | M91: С-до
A103: Оборот | B103: =SUM(B92:B102) -> 0 | C103: Оборот | D103: =SUM(D92:D102) -> 0 | F103: Оборот | G103: =SUM(G92:G102) -> 0 | H103: Оборот | I103: =SUM(I92:I102) -> 0 | K103: Оборот | L103: =SUM(L92:L102) -> 0 | M103: Оборот | N103: =SUM(N92:N102) -> 0
A104: С-до | C104: С-до | F104: С-до | H104: С-до | K104: С-до | M104: С-до
A107: Счет 70 | F107: Счет 71 | K107: Счет 73
A108: Дт | C108: Кт | F108: Дт | H108: Кт | K108: Дт | M108: Кт
A109: С-до | C109: С-до | F109: С-до | H109: С-до | K109: С-до | M109: С-до
A116: Оборот | B116: =SUM(B110:B115) -> 0 | C116: Оборот | D116: =SUM(D110:D115) -> 0 | F116: Оборот | G116: =SUM(G110:G115) -> 0 | H116: Оборот | I116: =SUM(I110:I115) -> 0 | K116: Оборот | L116: =SUM(L110:L115) -> 0 | M116: Оборот | N116: =SUM(N110:N115) -> 0
A117: С-до | C117: С-до | F117: С-до | H117: С-до | K117: С-до | M117: С-до
A120: Счет 76 | F120: Счет 80 | K120: Счет 82
A121: Дт | C121: Кт | F121: Дт | H121: Кт | K121: Дт | M121: Кт
A122: С-до | C122: С-до | F122: С-до | H122: С-до | K122: С-до | M122: С-до
A128: Оборот | B128: =SUM(B123:B127) -> 0 | C128: Оборот | D128: =SUM(D123:D127) -> 0 | F128: Оборот | G128: =SUM(G123:G127) -> 0 | H128: Оборот | I128: =SUM(I123:I127) -> 0 | K128: Оборот | L128: =SUM(L123:L127) -> 0 | M128: Оборот | N128: =SUM(N123:N127) -> 0
A129: С-до | C129: С-до | F129: С-до | H129: С-до | K129: С-до | M129: С-до
A132: Счет 84 | F132: Счет 86 | K132: Счет 90
A133: Дт | C133: Кт | F133: Дт | H133: Кт | K133: Дт | M133: Кт
A134: С-до | C134: С-до | F134: С-до | H134: С-до | K134: С-до | M134: С-до
A141: Оборот | B141: =SUM(B135:B140) -> 0 | C141: Оборот | D141: =SUM(D135:D140) -> 0 | F141: Оборот | G141: =SUM(G135:G140) -> 0 | H141: Оборот | I141: =SUM(I135:I140) -> 0 | K141: Оборот | L141: =SUM(L135:L140) -> 0 | M141: Оборот | N141: =SUM(N135:N140) -> 0
A142: С-до | C142: С-до | F142: С-до | H142: С-до | K142: С-до | M142: С-до
A145: Счет 99 | F145: Счет 99
A146: Дт | C146: Кт | F146: Дт | H146: Кт
A147: С-до | C147: С-до | F147: С-до | H147: С-до
A154: Оборот | B154: =SUM(B148:B153) -> 0 | C154: Оборот | D154: =SUM(D148:D153) -> 0 | F154: Оборот | G154: =SUM(G148:G153) -> 0 | H154: Оборот | I154: =SUM(I148:I153) -> 0
A155: С-до | C155: С-до | F155: С-до | H155: С-до
